 Dungeon Crawl Stone Soup version 0.19-a0-1676-g39ae8cc (webtiles) character file.

26 Amnesiac the Digger (level 2, -2/15 HPs)
             Began as a Deep Elf Earth Elementalist on Sept 23, 2016.
             Slain by Edmund
             ... wielding a +2 flail of protection
              (7 damage)
             ... on level 4 of the Dungeon.
             The game lasted 00:01:03 (114 turns).

Amnesiac the Digger (Deep Elf Earth Elementalist)    Turns: 114, Time: 00:01:04

Health: -2/15      AC:  2    Str:  5    XL:     2   Next: 89%
Magic:  1/8        EV: 13    Int: 19    God:
Gold:   0          SH:  0    Dex: 15    Spells: 1 memorised, 7 levels left

rFire  . . .     SeeInvis .     b - 15 stones
rCold  . . .     Gourm    .     c - +0 robe
rNeg   . . .     Faith    .     (no shield)
rPois  .         Spirit   .     (no helmet)
rElec  .         Dismiss  .     (no cloak)
rCorr  .         Reflect  .     (no gloves)
MR     .....     Harm     .     (no boots)
Stlth  ++........               (no amulet)
                                (no ring)
                                (no ring)

@: no status effects
A: no striking features
a: no special abilities


You were on level 4 of the Dungeon.
You were not hungry.

You visited 1 branch of the dungeon, and saw 4 of its levels.

Inventory:

Missiles
 b - 15 stones (in hand)
Armour
 c - a +0 robe (worn)
Scrolls
 f - a scroll of remove curse {unknown}
 g - a scroll of identify {unknown}
Books
 e - a book of Geomancy

   Spells                             Type                      Level
   a - Sandblast                      Earth                        1
   b - Passwall                       Transmutation/Earth          2
   c - Stone Arrow                    Conjuration/Earth            3
   d - Petrify                        Transmutation/Earth          4
   e - Lee's Rapid Deconstruction     Earth                        5
Comestibles
 d - a bread ration


   Skills:
 - Level 2.4 Dodging
 - Level 2.4 Stealth
 + Level 3.5 Spellcasting
   Level 1.1 Transmutations
 * Level 4.2 Earth Magic


You had 7 spell levels left.
You knew the following spells:

 Your Spells              Type           Power        Failure   Level  Hunger
z - Sandblast             Erth           ###...       2%          1    None


Dungeon Overview and Level Annotations

Branches:
Dungeon (4/15)
 Temple: D:4-7

Altars:
Dithmenos

Annotations:
D:1 1 runed door
D:4 Edmund


Message History

The worker ant closely misses you.
Casting: Sandblast
Confirm with . or Enter, or press ? or * to list all spells.
Aiming: Sandblast
Press: ? - help, Shift-Dir - straight line, f/p - worker ant
Aim: a worker ant (almost dead)
The rocky blast hits the worker ant.
The worker ant is almost dead.
The worker ant completely misses you.
Casting: Sandblast
Confirm with . or Enter, or press ? or * to list all spells.
Aiming: Sandblast
Press: ? - help, Shift-Dir - straight line, f/p - worker ant
Aim: a worker ant (almost dead)
The rocky blast hits the worker ant.
You kill the worker ant!
Your Earth Magic skill increases to level 4!
You have reached level 2!
Edmund hits you with a flail of protection!
You die...

* ********** * *,,,,,,,,*
* *,******,* * ***,* *,*
***** ########,,,* *,*
+,,,* #..%...,,*,* *,*
***,* #.....###########,*
###+###.....##..@@S.Z.#,*
#...........##.######.#,*
#...........##.####.#.#,*
+*§#..........>.S...#@#,*
*§§.#......###.####Z#S#,*
,#§#§#§....# #.#
#S#.#,#### ,§_§§§§#####
#.# #@#Z#....##*
§#§#§##### #.#
#.#........* #§§§#....#
#.# #........#.*


You could see Edmund, a ball python and an adder skeleton.

Vanquished Creatures
  A worker ant (D:4)
  A ball python (D:2)
  A jackal skeleton (D:4)
  A kobold (D:3)
4 creatures vanquished.

Notes
Turn   | Place    | Note
-------+----------+-------------------------------------------
     0 | D:1      | Amnesiac the Deep Elf Earth Elementalist began the quest for the Orb.
     0 | D:1      | Reached XP level 1. HP: 10/10 MP: 6/6
     2 | D:1      | Found a runed door.
    71 | D:4      | Noticed Edmund
    73 | D:4      | Found a shadowy altar of Dithmenos.
    96 | D:4      | Noticed a worker ant
   114 | D:4      | Killed a worker ant
   114 | D:4      | Reached skill level 4 in Earth Magic
   114 | D:4      | Reached XP level 2. HP: 5/15 MP: 1/8
   114 | D:4      | Slain by Edmund

Vault maps used:
D:1:      dpeg_arrival_caged_fury
D:2:      ecumenical_altar_1
D:3:      lemuel_crystal_altar, nemelex_xobeh_ov_fountains_minmay,
          nicolae_tso_swordbearing_angel
D:4:      nicolae_ashenzari_panopticon, grunt_dithmenos_smoke_and_mirrors,
          uniq_edmund

Skill      XL: |  1 |
---------------+----+-----
Earth Magic    | 4 |  4.2
Dodging        | |  2.4
Stealth        | |  2.4
Spellcasting   | |  3.5
Transmutations | |  1.1

Action                   || total
-------------------------++-------
 Cast: Sandblast         ||     9
  Use: Scroll            ||     1
Dodge: Dodged            ||     6
